AoeStats
← biodude

Black Forest

505653781Analyzed
4v4 RM · 20d ago on Sep 10, 2026· 49m 32s· 8 players
Game mode
Random Map
Map size
Large (8 player)
Population
200
Speed
Normal
Resources
Standard
Victory
Conquest
Starting age
Dark Age
Ending age
Imperial Age
RankedLock teamsTeams togetherTeam positionsShared explorationLock speedFull tech treeHidden civsTurbo modeCheats
Victory
Defeat
🇹🇷 Magyars · Türkiye
837
+19
🇹🇷 Turks · Türkiye
630
+26
🇩🇪 Khmer · Germany
380
+31
🇲🇪 Persians · Montenegro
306
+32
🇲🇽 Armenians · Mexico
969
-28
🇿🇦 Cumans · South Africa
924
-38
🇦🇷 Chinese · Argentina
836
-26
🇨🇳 Turks · China
783
-26
Tegernseer1847
1:16 Loom
16:49 Feudal Age
17:38 Fishing Lines
19:20 Double-Bit Axe
19:21 Horse Collar
20:49 Wheelbarrow
28:00 Castle Age
29:12 Hand Cart
29:10 Caravan
30:24 Husbandry
29:45 Light Cavalry
30:36 Bloodlines
33:56 Heavy Plow
34:10 Bow Saw
37:02 Scale Barding Armor
36:57 Scale Mail Armor
37:08 Forging
40:55 Imperial Age
41:12 Heavy Scorpion
41:58 Double Crossbow
42:21 Conscription
43:32 Chain Barding Armor
44:36 Iron Casting
47:18 Hussar
ljubob
0:35 Loom
14:58 Feudal Age
19:15 Castle Age
17:15 Double-Bit Axe
17:15 Horse Collar
19:19 Scale Barding Armor
20:46 Wheelbarrow
20:26 Town Watch
21:32 Heavy Plow
22:28 Stone Mining
24:25 Hand Cart
27:09 Coinage
28:26 Bow Saw
28:09 Gold Mining
29:00 Stone Shaft Mining
28:55 Fishing Lines
31:05 Town Patrol
32:39 Caravan
33:53 Gold Shaft Mining
34:15 Gillnets
35:22 Kamandaran
34:49 Light Cavalry
36:40 Crossbowman
42:14 Thumb Ring
42:36 Parthian Tactics
50:21 Imperial Age
bigame
1:11 Loom
14:01 Feudal Age
22:54 Castle Age
21:36 Double-Bit Axe
27:47 Imperial Age
31:06 Conscription
30:39 Horse Collar
31:23 Bow Saw
32:06 Heavy Plow
33:29 Two-Man Saw
34:55 Elite Janissary
35:42 Gold Mining
35:43 Stone Mining
36:16 Ballistics
37:02 Wheelbarrow
37:09 Gold Shaft Mining
36:19 Fishing Lines
36:50 Gillnets
42:04 Heavy Camel Rider
42:45 Husbandry
42:56 Bloodlines
İllerbankası
0:30 Loom
12:31 Feudal Age
19:27 Castle Age
17:22 Fishing Lines
19:04 Stone Mining
18:57 Horse Collar
19:06 Double-Bit Axe
19:18 Gold Mining
23:44 Gillnets
24:13 Bow Saw
23:52 Town Watch
25:12 Wheelbarrow
27:53 Heavy Plow
32:55 Imperial Age
31:19 Corvinian Army
31:31 Thumb Ring
31:55 Caravan
31:58 Elite Skirmisher
32:53 Town Patrol
34:08 Conscription
34:23 Hand Cart
36:02 Two-Man Saw
36:30 Bloodlines
36:20 Husbandry
36:51 Parthian Tactics
36:22 Fletching
36:32 Scale Mail Armor
36:38 Scale Barding Armor
36:33 Padded Archer Armor
37:04 Cavalier
37:06 Light Cavalry
38:45 Gold Shaft Mining
38:31 Paladin
39:54 Heavy Cavalry Archer
42:58 Chain Barding Armor
42:53 Chain Mail Armor
42:54 Leather Archer Armor
42:34 Bodkin Arrow
45:19 Plate Barding Armor
45:13 Ballistics
44:59 Siege Engineers
45:55 Chemistry
44:36 Treadmill Crane
45:06 Masonry
44:52 Murder Holes
49:30 Bracer
50:20 Ring Archer Armor
biodude
0:38 Loom
13:54 Feudal Age
14:56 Double-Bit Axe
15:57 Wheelbarrow
22:00 Castle Age
20:36 Stone Mining
25:04 Bow Saw
24:56 Fishing Lines
27:28 Horse Collar
29:06 Forging
30:21 Fletching
30:53 Heavy Plow
30:37 Elite Skirmisher
31:20 Padded Archer Armor
32:24 Squires
33:27 Hand Cart
34:35 Bodkin Arrow
36:17 Leather Archer Armor
37:39 Pikeman
WallieMarruecos
0:49 Loom
11:53 Feudal Age
12:49 Double-Bit Axe
14:02 Wheelbarrow
13:57 Horse Collar
14:34 Gold Mining
20:22 Castle Age
22:02 Hand Cart
21:57 Heavy Plow
22:10 Bow Saw
25:07 Forging
25:36 Coinage
27:23 Fletching
29:02 Stone Mining
30:49 Stone Shaft Mining
31:46 Bodkin Arrow
31:48 Town Watch
32:22 Masonry
33:14 Gold Shaft Mining
35:56 Imperial Age
34:44 Iron Casting
34:11 Padded Archer Armor
34:21 Great Wall
35:58 Scale Mail Armor
36:00 Town Patrol
36:30 Fervor
39:29 Two-Man Saw
38:32 Heated Shot
39:44 Blast Furnace
39:04 Leather Archer Armor
39:00 Elite Chu Ko Nu
40:16 Squires
42:25 Bracer
42:58 Architecture
47:59 Pikeman
Toast
12:02 Feudal Age
15:14 Double-Bit Axe
16:16 Wheelbarrow
YellowyGnu8986
0:29 Loom
11:40 Feudal Age
17:11 Castle Age
14:56 Horse Collar
15:26 Double-Bit Axe
16:54 Wheelbarrow
16:58 Stone Mining
17:41 Gold Mining
23:48 Bow Saw
26:43 Hand Cart
32:46 Gold Shaft Mining
35:36 Imperial Age
33:23 Forging
34:06 Squires
33:53 Arson
34:45 Iron Casting
34:02 Fletching
34:13 Padded Archer Armor
Connection lost

Rejoining the realm…

Still unreachable

The connection could not be restored.

Session expired

The server has moved on; the page needs a fresh start.